 Dungeon Crawl Stone Soup version 0.27.0-1-g7a089689b8 (webtiles) character file.

Game seed: 2982791783133527030

65762 jamesdean20 the Nimble (level 14, -10/146 (148) HPs)
             Began as a Troll Berserker on Aug 4, 2021.
             Was a High Priest of Trog.
             Killed by divine providence
             ... invoked by a balrug
              (14 damage)
             ... on level 2 of the Abyss on Aug 5, 2021.
             The game lasted 04:06:36 (19219 turns).

jamesdean20 the Nimble (Troll Berserker)           Turns: 19219, Time: 04:06:37

HP:   -10/146 (148) AC: 19    Str: 39    XL:     14   Next: 76%
MP:   0/13          EV: 13    Int:  4    God:    Trog [*****.]
Gold: 1280          SH:  0    Dex: 10    Spells: 13/13 levels left

rFire    . . .     SeeInvis .   b - +7 dagger (protect)
rCold    + . .     Faith    .   (no shield)
rNeg     . . .     Spirit   +   l - +3 troll leather armour {Purgy}
rPois    .         Reflect  .   k - +2 hat
rElec    .         Harm     .   J - +2 cloak {Will+}
rCorr    .         Rampage  .   (gloves unavailable)
Will     ++...                  (boots unavailable)
Stlth    +.........             h - amulet of guardian spirit
HPRegen  0.00/turn              K - ring "Bafos" {+Blink rF- AC+4 Str+9 Stlth-}
MPRegen  0.13/turn              p - ring "Sydac" {Fly rF+ rC+}

@: flying, badly diseased, lightly drained
A: large, unfitting armour, claws 3, regeneration 1, shaggy fur 1, tough skin 1
a: Renounce Religion, Evoke Blink, Berserk, Trog's Hand, Brothers in Arms


You were on level 2 of the Abyss.
You worshipped Trog.
Trog was extremely pleased with you.
You visited 3 branches of the dungeon, and saw 17 of its levels.
You visited the Abyss 1 time.
You also visited: Sewer and Gauntlet.

You collected 1364 gold pieces.
You spent 84 gold pieces at shops.

Inventory:

Hand Weapons
 b - a +7 dagger of protection (weapon)
 d - a +2 scimitar of flaming
 u - a +5 mace
 y - a +2 rapier
 B - a +4 hand axe
 N - the +0 hand crossbow of Instant Death {elec, Str+4}
   (You took it off a minotaur in a Gauntlet)

   Any ammunition fired from it occasionally discharges a powerful burst of
   electricity upon striking a foe.
   Str:       It affects your strength (+4).
Missiles
 m - 7 silver javelins (quivered)
Armour
 k - a +2 hat (worn)
 l - a +3 troll leather armour (worn) {Purgy}
 C - a +2 robe of resistance
 F - a +2 robe of willpower
 J - a +2 cloak of willpower (worn)
Jewellery
 c - a +6 ring of intelligence
 e - a +6 ring of strength
 h - an amulet of guardian spirit (around neck)
 p - the ring "Sydac" (right claw) {Fly rF+ rC+}
   (You found it on level 6 of the Lair of Beasts)

   [ring of protection from cold]

   rF:        It protects you from fire.
   rC:        It protects you from cold.
   Fly:       It grants you flight.
 D - a ring of positive energy
 K - the ring "Bafos" (left claw) {+Blink rF- AC+4 Str+9 Stlth-}
   (You found it in a Gauntlet)

   [ring of protection]

   AC:        It affects your AC (+4).
   Str:       It affects your strength (+9).
   rF:        It makes you vulnerable to fire.
   +Blink:    It lets you blink.
   Stlth:     It makes you less stealthy.
Scrolls
 j - 2 scrolls of enchant weapon
 r - a scroll of brand weapon
 t - 6 scrolls of teleportation
 v - 3 scrolls of fear
 x - a scroll of torment
 G - a scroll of holy word
 H - 2 scrolls of blinking
 I - 2 scrolls of fog
Potions
 a - a potion of mutation
 f - a potion of invisibility {unknown}
 g - 7 potions of curing
 i - 2 potions of berserk rage
 o - a potion of cancellation {unknown}
 q - a potion of flight {unknown}
 s - a potion of might {unknown}
 z - 4 potions of lignification


   Skills:
 + Level 11.8 Fighting
 + Level 11.4 Short Blades
 + Level 7.3 Armour
 + Level 12.7 Dodging
 + Level 3.1 Stealth
 + Level 3.6 Unarmed Combat


You had 13 spell levels left.
You didn't know any spells.
Your spell library was empty.

Dungeon Overview and Level Annotations

Branches:
Dungeon (9/15)             Temple (0/1) D:6            Lair (6/6) D:9
 Shoals (2/4) Lair:4        Snake (0/4) Lair:2        Slime (0/5) Lair:6
  Sewer (visited)         Gauntlet (visited)
    Orc: D:9-12

Altars:
Ashenzari
Dithmenos
Gozag
Hepliaklqana
Makhleb
Nemelex Xobeh
Okawaru
Qazlal
Sif Muna
Uskayaw
Wu Jian
Xom
Zin
Jiyva
Lugonu

Shops:
D:2 *!!:!   D:9 (!?

Portals:
Abyss: Lair:6

Annotations:
Lair:6 1 runed translucent door


Innate Abilities, Weirdness & Mutations

You are too large for most types of armour.
You have claws for hands.
Your natural rate of healing is unusually fast.
You are covered in fur. (AC +1)
You have tough skin. (AC +1)


Message History

A tentacle flies out from the starspawn's body!
A starspawn tentacle comes into view.
The starspawn tentacle grabs you. The starspawn tentacle constricts you.
The starspawn tentacle's grasp on you weakens, but your attempt to escape fails.
You escape the starspawn tentacle's grasp.
A raiju comes into view.
A quasit comes into view.
The quasit gives a chilling moan.
You hear a bark! x3
Your extra speed is starting to run out.
You hear a shout!
A raiju comes into view.
A raiju comes into view.
You feel yourself slow down.
The raiju barks!
You hear a bark!
A balrug comes into view.
It is wielding a +0 demon whip of electrocution.
The balrug shouts!
The raiju bursts into living lightning!
The living lightning misses you.
The raiju blinks!
The raiju bursts into living lightning!
The living lightning hits you.
* * * LOW HITPOINT WARNING * * *
The raiju blinks!
Hit: b) +7 dagger (protect)
Press: ? - help, Dir - move target, f - balrug
Aim: a balrug, wielding a +0 demon whip of electrocution (about 30% to evade your +7 dagger of protection)
Your weapon can't reach that far!
Okay, then.
The raiju bursts into living lightning!
The living lightning misses you.
The raiju blinks! x2
A neqoxec comes into view.
The raiju bites you but does no damage.
The raiju bursts into living lightning!
The living lightning hits the raiju.
The raiju completely resists.
The living lightning hits you.
* * * LOW HITPOINT WARNING * * *
The raiju blinks!
A large abomination comes into view.
The balrug gestures at you. Something smites you!
You die...

....§..... ..
.X....... ...
#..##..# ..#
####..##..##..#
.............
#....2.... #..##..#
##§.##@.##..#
#..5hhh.......
######
##............. ..
......#..##..##..##
# ########..##..#
.# #... #...§.....
[. .... #
............ . . .#
#.#.#..##..##.. . #
.##3.# ..# ..


You could see a balrug, a large abomination, 3 raiju and a quasit.

Vanquished Creatures
  Gastronok (Lair:1)
  A tentacled starspawn (Abyss:2)
  A merfolk impaler (Shoals:1)
  A merfolk javelineer (Shoals:1)
  8 hydras
  Harold (D:7)
  Erica (D:8)
  3 two-headed ogres
  3 thrashing horrors (Lair:6)
  A hell hog (Gauntlet)
  A sixfirhy (Gauntlet)
  2 sea snakes (Shoals:1)
  Pikel (D:7)
  2 manticores (Shoals:1)
  6 black mambas
  5 fauns (Shoals:1)
  8 elephants
  3 merfolk sirens
  2 water nymphs (Shoals:1)
  A black mamba (shapeshifter) (Lair:6)
  9 cane toads
  A torpor snail (Lair:2)
  3 smoke demons (Lair:6)
  2 kobold demonologists (Abyss:2)
  2 rime drakes
  10 komodo dragons
  2 ancient zymes (Lair:6)
  2 merfolk
  3 polar bears
  5 wind drakes (Shoals:1)
  Grinder (D:3)
  A snapping turtle (Shoals:1)
  38 blink frogs
  A spriggan (Lair:6)
  A water elemental (Shoals:1)
  3 large abominations (Lair:6)
  3 wyverns
  2 ynoxinuls
  2 fire bats (Gauntlet)
  61 yaks
  3 basilisks
  3 steam dragons (D:6)
  A human (shapeshifter) (Lair:6)
  16 water moccasins
  3 hell hounds (Gauntlet)
  2 orc warriors
  Purgy (Sewer)
  10 small abominations (Lair:6)
  A black bear (shapeshifter) (Lair:6)
  3 sky beasts (D:8)
  An ice beast (D:6)
  2 black bears
  2 necrophages
  19 wolves
  2 ogres
  5 centaurs
  2 lemures (D:7)
  A phantom (D:6)
  9 bullfrogs
  2 gnoll sergeants
  2 scorpions
  5 killer bees (D:9)
  4 howler monkeys (D:7)
  6 wights (D:9)
  4 electric eels
  4 crimson imps (D:3)
  5 hounds
  A quasit (Abyss:2)
  2 centaur zombies
  A jelly (D:5)
  7 orc priests
  2 gnoll shamans
  An iron imp (Abyss:2)
  4 iguanas
  5 orc wizards
  2 hound skeletons
  2 howler monkey zombies
  Robin (D:3)
  23 gnolls
  A river rat (D:3)
  6 adders
  A shadow imp (D:4)
  3 white imps
  3 ufetubi
  2 adder skeletons
  5 worms
  4 dart slugs
  17 orcs
  8 endoplasms
  3 giant cockroaches
  17 goblins
  10 hobgoblins
  4 jackals
  6 quokkas
  7 ball pythons
  3 bats
  A frilled lizard (D:2)
  16 kobolds
  5 rats
495 creatures vanquished.

Vanquished Creatures (collateral kills)
  A minotaur (Gauntlet)
  2 rime drakes (Gauntlet)
  A minotaur zombie (Gauntlet)
  A water elemental (Shoals:2)
5 creatures vanquished.

Vanquished Creatures (others)
  51 fungi
  167 plants
  12 starspawn tentacles (Abyss:2)
230 creatures vanquished.

Grand Total: 730 creatures vanquished

Notes
Turn   | Place    | Note
-------+----------+-------------------------------------------
     0 | D:1      | jamesdean20 the Troll Berserker began the quest for the
                  | Orb.
     0 | D:1      | Reached XP level 1. HP: 22/22 MP: 0/0
   234 | D:1      | Found a faded altar of an unknown god.
   666 | D:1      | Reached XP level 2. HP: 29/29 MP: 1/1
   988 | D:2      | Found Ruyji Achanu's General Store.
   990 | D:2      | Found Sudinnew's Distillery.
  1157 | D:2      | Reached XP level 3. HP: 31/36 MP: 2/2
  1280 | D:2      | Found Ilixu's Book Boutique.
  1282 | D:2      | Found Qets's Distillery.
  1441 | D:2      | Found Zasietas's Distillery.
  1475 | D:2      | Reached skill level 3 in Dodging
  1482 | D:2      | Found a shadowy altar of Dithmenos.
  1487 | D:2      | Reached ** piety under Trog
  1702 | D:3      | Reached XP level 4. HP: 45/45 MP: 3/3
  1707 | D:3      | Reached skill level 1 in Short Blades
  1809 | D:3      | Noticed Grinder
  1824 | D:3      | Paralysed by Grinder for 7 turns
  1836 | D:3      | Killed Grinder
  1837 | D:3      | Reached XP level 5. HP: 53/53 MP: 4/4
  1837 | D:3      | Reached XP level 6. HP: 61/61 MP: 5/5
  1977 | D:3      | Found a glowing drain.
  1981 | Sewer    | Entered a sewer
  2044 | Sewer    | Noticed Purgy
  2078 | Sewer    | Killed Purgy
  2079 | Sewer    | Reached skill level 4 in Dodging
  2350 | D:3      | Noticed Robin
  2357 | D:3      | Killed Robin
  2389 | D:3      | Reached *** piety under Trog
  2542 | D:3      | Found a shimmering altar of Xom.
  2574 | D:3      | Reached XP level 7. HP: 68/68 MP: 6/6
  2675 | D:3      | Reached skill level 1 in Armour
  2701 | D:3      | Found a hide-covered altar of Uskayaw.
  3017 | D:4      | Found an iron altar of Okawaru.
  3310 | D:4      | Found an ornate altar of the Wu Jian Council.
  3515 | D:4      | Reached **** piety under Trog
  3801 | D:5      | Entered Level 5 of the Dungeon
  3853 | D:5      | Noticed a two-headed ogre
  3885 | D:5      | Killed a two-headed ogre
  3886 | D:5      | Reached skill level 5 in Short Blades
  3886 | D:5      | Reached skill level 5 in Dodging
  3886 | D:5      | Reached XP level 8. HP: 66/79 MP: 7/7
  4294 | D:5      | Reached skill level 1 in Stealth
  4393 | D:5      | Found a shimmering blue altar of Sif Muna.
  4551 | D:6      | Found a hazy altar of Hepliaklqana.
  4631 | D:6      | Reached XP level 9. HP: 82/85 MP: 8/8
  4738 | D:6      | Found a sparkling altar of Nemelex Xobeh.
  4982 | D:6      | Reached skill level 5 in Fighting
  5123 | D:6      | Found a staircase to the Ecumenical Temple.
  5886 | D:7      | Found a flagged portal.
  5889 | D:7      | Found a glowing silver altar of Zin.
  5893 | D:7      | Noticed Harold
  5927 | D:7      | Killed Harold
  5928 | D:7      | Reached skill level 6 in Dodging
  5928 | D:7      | Reached XP level 10. HP: 96/96 MP: 9/9
  6112 | D:7      | Noticed Pikel
  6169 | D:7      | Killed Pikel
  6272 | D:7      | Found a broken altar of Ashenzari.
  6506 | D:8      | Noticed Erica
  6524 | D:8      | Killed Erica
  6881 | D:8      | Found a stormy altar of Qazlal.
  7127 | D:8      | Found an opulent altar of Gozag.
  7554 | D:8      | Found a burning altar of Makhleb.
  7686 | D:9      | Reached skill level 7 in Dodging
  7848 | D:9      | Reached skill level 5 in Armour
  7885 | D:9      | Reached XP level 11. HP: 105/105 MP: 7/10
  8029 | D:9      | Found Habacwed's Distillery.
  8058 | D:9      | Found Ovoluorph's Antique Weapon Shop.
  8165 | D:9      | Found Ziudyleq's Magic Scroll Shoppe.
  8169 | D:9      | Bought a scroll of identify for 28 gold pieces
  8169 | D:9      | Bought a scroll of identify for 28 gold pieces
  8169 | D:9      | Bought a scroll of identify for 28 gold pieces
  8190 | D:9      | Noticed a two-headed ogre
  8212 | D:9      | Killed a two-headed ogre
  8256 | D:9      | Found a staircase to the Lair.
  8370 | D:9      | Noticed a two-headed ogre
  8395 | D:9      | Killed a two-headed ogre
  8606 | Lair:1   | Entered Level 1 of the Lair of Beasts
  8690 | Lair:1   | Noticed Gastronok
  8708 | Lair:1   | Reached ***** piety under Trog
  8783 | Lair:1   | Killed Gastronok
  8784 | Lair:1   | Reached skill level 8 in Dodging
  8795 | Lair:1   | Noticed a five-headed hydra
  8812 | Lair:1   | Killed a five-headed hydra
  8813 | Lair:1   | Reached skill level 10 in Short Blades
  9176 | Lair:1   | Reached XP level 12. HP: 119/119 MP: 11/11
  9650 | Lair:2   | Found a staircase to the Snake Pit.
  9761 | Lair:2   | Noticed a seven-headed hydra
  9783 | Lair:2   | Killed a seven-headed hydra
  9784 | Lair:2   | Reached skill level 9 in Dodging
 10394 | Lair:2   | Noticed a five-headed hydra
 10418 | Lair:2   | Killed a five-headed hydra
 10475 | Lair:2   | Found a shimmering blue altar of Sif Muna.
 10990 | Lair:3   | Noticed a six-headed hydra
 11013 | Lair:3   | Killed a six-headed hydra
 11160 | Lair:3   | Noticed an eight-headed hydra
 11210 | Lair:3   | Killed an eight-headed hydra
 11211 | Lair:3   | Reached skill level 10 in Dodging
 11494 | Lair:3   | Reached XP level 13. HP: 133/133 MP: 10/12
 11856 | Lair:3   | Reached skill level 10 in Fighting
 12776 | Lair:4   | Found a staircase to the Shoals.
 13244 | Lair:5   | Found a gate leading to a gauntlet.
 13282 | Gauntlet | Entered a Gauntlet
 13282 | Gauntlet | Found a transporter.
 13282 | Gauntlet | Found a transporter.
 13282 | Gauntlet | Found a runed translucent door.
 13283 | Gauntlet | Found a runed translucent door.
 13284 | Gauntlet | Found a runed translucent door.
 13285 | Gauntlet | Found a transporter.
 13287 | Gauntlet | Found a transporter.
 13289 | Gauntlet | Found a transporter.
 13289 | Gauntlet | Found a transporter.
 13353 | Gauntlet | Found a transporter.
 13363 | Gauntlet | Found a transporter.
 13370 | Gauntlet | Noticed a cacodemon
 13375 | Gauntlet | Found a transporter.
 13391 | Gauntlet | Found a transporter.
 13406 | Gauntlet | Found a transporter.
 13410 | Gauntlet | Found a transporter.
 13412 | Gauntlet | Found a runed translucent door.
 13414 | Gauntlet | Found a runed translucent door.
 13821 | Gauntlet | Identified the ring "Bafos" {+Blink rF- AC+4 Str+9 Stlth-}
 13897 | Gauntlet | Identified the +0 hand crossbow of Instant Death {elec,
                  | Str+4}
 13897 | Gauntlet | Noticed a minotaur
 13902 | Gauntlet | Killed a minotaur
 13903 | Gauntlet | Reached skill level 11 in Dodging
 14594 | Lair:6   | Entered Level 6 of the Lair of Beasts
 15586 | Lair:6   | Reached XP level 14. HP: 135/146 MP: 13/13
 16241 | Lair:6   | Found a corrupted altar of Lugonu.
 16241 | Lair:6   | Found a one-way gate to the infinite horrors of the Abyss.
 16410 | Lair:6   | Reached skill level 12 in Dodging
 16621 | Lair:6   | Received a gift from Trog
 16799 | Lair:6   | Identified the ring "Sydac" {Fly rF+ rC+}
 16892 | Lair:6   | Found a runed translucent door.
 16940 | Lair:6   | Found a viscous altar of Jiyva.
 16946 | Lair:6   | Found a staircase to the Slime Pits.
 17552 | Shoals:1 | Entered Level 1 of the Shoals
 18751 | Shoals:2 | Cast into level 2 of the Abyss (merfolk)
 18860 | Abyss:2  | Noticed a tentacled starspawn
 18942 | Abyss:2  | Killed a tentacled starspawn
 18987 | Abyss:2  | Found a burning altar of Makhleb.
 18994 | Abyss:2  | Noticed a Hell Sentinel
 19071 | Abyss:2  | Noticed a lich
 19140 | Abyss:2  | Noticed a tentacled starspawn
 19215 | Abyss:2  | Noticed a balrug
 19215 | Abyss:2  | HP: 6/146 [raiju/living lightning (3)]
 19219 | Abyss:2  | Killed from afar by a balrug

Illustrated notes

Levels and vault maps discovered:
D:1:      minmay_arrival_five_plusses, layout_basic,
          shapermc_ecumenical_altar_gd
D:2:      layout_basic, serial_shops, shop, nicolae_shop_window_shopping,
          nicolae_shop_window_shopping, shop, shop, basic_altar
D:3:      layout_loops_ring, led_xom_imps, overflow_temple_1_default,
          gup_sewer_entry_spiral, uniq_grinder, uniq_robin
D:4:      layout_loops_cross, general_overflow_altar,
          nicolae_wu_jian_immortal_techniques, kennysheep_path_1,
          minmay_pentangle
D:5:      layout_basic, tgw_sif
D:6:      layout_basic, nemelex_spade_bored_becter,
          mainiacjoe_overflow_boulevard, minmay_temple_entry_fiery,
          kennysheep_windowed_goal
D:7:      layout_basic, mainiacjoe_overflow_tiny_flanked, lemuel_crystal_altar,
          enter_bailey_3, uniq_pikel, uniq_harold
D:8:      layout_basic, kennysheep_mini, mainiacjoe_overflow_cross_hatched,
          makhleb_blood_cavern_becter, uniq_erica
D:9:      layout_rooms, lair_entry_dummy, serial_shops, nicolae_shop_crystal,
          shop_statue, nicolae_shop_stone
Lair:1:   layout_misc_corridors, nicolae_quartered_pool_little, st_stairs_4,
          chequers_serial_rivers_micro_a, lemuel_fruit_fields, uniq_gastronok
Lair:2:   layout_cave_pods, dummy_snake_entry, basic_altar
Lair:3:   layout_gridlike, chequers_serial_rivers_room_a, lemuel_fruit_tree,
          serial_bayou_shore_b
Lair:4:   layout_regular_city, elwin_shoals_entry_rooms, grunt_megastairs_5,
          infiniplex_staircase_pool_2
Lair:5:   layout_cave_pods, gauntlet_entry_generic,
          chequers_serial_rivers_small_a, serial_bayou_ford_a
Lair:6:   hellmonk_lair_end_abyssal_woods, layout_misc_corridors, slime_altar_2,
          serial_forest, infiniplex_forest_clump_long,
          infiniplex_forest_clump_diagonal, infiniplex_forest_end_2,
          infiniplex_forest_straight_1, infiniplex_forest_lined_corner,
          infiniplex_forest_clump_C, infiniplex_forest_clump_curved,
          infiniplex_forest_clump_small
Shoals:1: layout_shoals
Shoals:2: nicolae_shoals_island_circles, layout_shoals, uniq_ilsuiw
Abyss:2:  base:
D:1

Skill      XL: |  1  2  3  4  5  6  7  8  9 10 11 12 13 14 |
---------------+-------------------------------------------+-----
Dodging        | 3 4 5 6 7 8 10 11 12 | 12.7
Fighting       | 3 4 5 6 8 9 11 | 11.8
Short Blades   | 2 3 5 6 7 8 10 11 | 11.4
Armour         | 2 3 4 5 6 7 |  7.3
Stealth        | 1 2 3 |  3.1
Unarmed Combat | |  3.6

Action                   |  1- 3 |  4- 6 |  7- 9 | 10-12 | 13-15 || total
-------------------------+-------+-------+-------+-------+-------++-------
Melee: Unarmed           |    16 |       |       |       |       ||    16
       Dagger            |   119 |   191 |   515 |  1442 |  2355 ||  4622
       Punch             |     3 |     5 |    14 |    51 |    78 ||   151
Invok: Trog's Hand       |       |     1 |     6 |    12 |    12 ||    31
       Berserk           |       |     1 |     4 |     8 |     3 ||    16
       Brothers in Arms  |       |       |       |       |     3 ||     3
 Abil: Evoke Blink       |       |       |       |       |     6 ||     6
  Use: Potion            |     2 |       |       |     2 |     7 ||    11
       Scroll            |     3 |     1 |     9 |     7 |    10 ||    30
 Stab: Sleeping          |       |       |     1 |     4 |       ||     5
Armor: Animal skin       |    40 |    52 |       |       |       ||    92
       Troll leather arm |       |    18 |   180 |   434 |   876 ||  1508
Dodge: Dodged            |    52 |    80 |   182 |   563 |   889 ||  1766
